Map: 로스트 앤 파운드 - 래더

Players

LiquidTaeJa (TaeJa) - Winner!

  • Race: Terran Terran
  • League: Diamond
  • Spawn Location: 7:00

Clem

  • Race: Terran Terran
  • League: Master
  • Spawn Location: 1:00

Event: HomeStory Cup XVIII

VOD

Have the link to the VOD?

Description

Time

  • Played on: Nov. 23, 2018, 11:07 a.m.
  • Length: 17:25

All games in this series

Show
View Real Time Build Order
Export as new Build Order

LiquidTaeJa Terran - Winner!

Build Orders:  

Get SALT Encoding   

  12  0:01  SCV  
  13  0:13  SCV  
  14  0:17  Supply Depot  
  14  0:25  SCV  
  14  0:27  Refinery  
  15  0:38  SCV  
  16  0:44  Barracks  
  16  0:51  SCV  
  16  0:56  Refinery  
  17  1:03  SCV  
  18  1:15  SCV  
  19  1:31  Orbital Command  
  19  1:32  Factory  
  19  1:34  Reaper  
  20  1:43  Supply Depot  
  20  1:56  SCV  
  21  2:06  Reaper  
  22  2:08  SCV  
  25  2:15  Hellion  
  25  2:20  SCV  
  26  2:26  Command Center  
  26  2:32  SCV  
  26  2:34  Supply Depot  
  27  2:38  Barracks Reactor  
  27  2:41  Widow Mine  
  29  2:44  SCV  
  30  2:51  Starport  
  30  2:57  SCV  
  31  3:08  Factory Tech Lab  
  31  3:09  SCV  
  31  3:14  Marine x2  
  31  3:21  SCV  
  31  3:27  Cyclone  
  31  3:30  Starport Tech Lab  
  31  3:32  Marine x2  
  31  3:33  SCV  
  37  3:38  Orbital Command  
  35  3:46  SCV  
  34  3:49  Raven  
  34  3:54  Marine x2  
  38  3:59  SCV  
  38  4:00  Refinery  
  38  4:05  SCV  
  39  4:11  Siege Tank, SCV  
  39  4:13  Marine x2  
  39  4:17  SCV  
  46  4:18  Supply Depot  
  46  4:23  SCV  
  47  4:29  SCV  
  48  4:33  Marine x2  
  48  4:34  Raven  
  48  4:37  SCV  
  53  4:41  SCV  
  53  4:43  Supply Depot  
  54  4:49  SCV  
  54  4:51  Marine  
  56  4:53  Siege Tank, SCV  
  60  5:02  SCV  
  60  5:05  SCV  
  59  5:13  Supply Depot  
  59  5:16  SCV  
  59  5:17  Command Center, SCV  
  59  5:27  Siege Tank  
  59  5:28  Viking x2, SCV  
  63  5:29  SCV  
  63  5:30  Refinery  
  63  5:34  Supply Depot  
  68  5:36  Stimpack  
  68  5:38  Supply Depot  
  68  5:40  Marine, SCV  
  70  5:47  SCV  
  71  5:52  SCV  
  69  5:58  Marine  
  69  5:59  Viking x2  
  69  6:00  SCV  
  75  6:04  SCV  
  76  6:13  SCV  
  76  6:16  SCV, Barracks x2  
  77  6:25  SCV  
  71  6:28  SCV  
  71  6:29  Engineering Bay, Marine  
  71  6:30  Engineering Bay, Orbital Command  
  73  6:42  SCV x2  
  73  6:43  Siege Tank  
  78  6:47  Marine  
  79  6:55  SCV x2  
  79  6:56  Barracks  
  79  6:58  Barracks  
  79  7:00  Terran Infantry Weapons Level 1, Terran Infantry Armor Level 1  
  79  7:01  Orbital Command  
  78  7:05  Marine  
  78  7:07  SCV x2, Barracks Reactor x2  
  81  7:19  SCV x2  
  81  7:22  Sensor Tower  
  83  7:23  Marine  
  83  7:31  Siege Tank  
  84  7:38  SCV x3  
  84  7:40  Combat Shield  
  84  7:41  Marine, Viking x2  
  86  7:45  Refinery x2  
  86  7:47  Marine x4  
  86  7:48  Barracks Reactor x2  
  86  7:50  SCV  
  86  7:51  SCV x2  
  93  7:54  Missile Turret  
  93  7:55  Missile Turret  
  93  7:56  Armory  
  93  7:58  Marine  
  93  8:01  Supply Depot  
  93  8:02  Supply Depot, SCV  
  93  8:03  SCV  
  93  8:05  Marine x2  
  98  8:07  Siege Tank  
  98  8:09  SCV  
  98  8:10  Marine x2  
  104  8:14  Viking, SCV  
  104  8:16  Viking  
  109  8:21  Marine  
  109  8:23  Marine x2  
  110  8:28  Marine x4  
  98  8:38  Marine  
  98  8:39  Siege Tank  
  80  8:50  Marine x2  
  80  8:51  Marine x3  
  80  8:52  SCV x3  
  77  8:58  Medivac x2, Terran Infantry Weapons Level 2  
  77  9:00  Terran Infantry Armor Level 2  
  77  9:01  Marine x4  
  85  9:04  SCV  
  85  9:05  SCV x2  
  85  9:08  Marine x3  
  91  9:13  Marine x2  
  91  9:15  Siege Tank  
  91  9:16  Command Center, SCV  
  91  9:17  SCV x2  
  99  9:19  Marine  
  99  9:23  Supply Depot x2, Marine x2  
  103  9:29  SCV x3  
  105  9:32  Factory  
  105  9:33  Marine  
  105  9:34  Marine  
  105  9:35  Marine  
  108  9:40  Marine x2  
  108  9:41  SCV  
  108  9:42  SCV x2  
  108  9:44  Marine, Barracks Reactor  
  114  9:47  Marine x2  
  114  9:51  Siege Tank  
  119  9:53  SCV  
  119  9:56  Missile Turret  
  119  9:58  Supply Depot x2  
  120  10:01  Marine  
  120  10:02  Marine x3  
  120  10:05  Terran Vehicle Weapons Level 1  
  124  10:07  Marine x2  
  124  10:09  Marine x2  
  128  10:17  Medivac  
  128  10:18  Medivac  
  128  10:19  Marine, Siege Tank  
  128  10:20  Marine  
  128  10:21  Marine x2  
  136  10:24  Marine x2  
  136  10:27  Marine  
  136  10:28  Planetary Fortress, Marine  
  140  10:32  Marine  
  140  10:33  Marine  
  140  10:34  Sensor Tower  
  141  10:37  Marine  
  141  10:38  Marine  
  141  10:39  Marine x2  
  141  10:40  Siege Tank  
  148  10:43  SCV x2  
  148  10:45  SCV  
  148  10:53  Marine x2  
  148  10:55  SCV  
  151  10:57  Marine  
  151  11:02  Marine x2  
  151  11:06  Marine, Siege Tank  
  151  11:07  Marine  
  151  11:08  Viking x2  
  157  11:13  Marine x2  
  157  11:15  Marine x3  
  157  11:17  Marine  
  163  11:22  Marine x2  
  165  11:28  Marine  
  165  11:29  Marine  
  165  11:31  Marine x2  
  168  11:32  Terran Infantry Weapons Level 3  
  168  11:35  Terran Infantry Armor Level 3  
  168  11:36  Marine x4  
  169  11:42  Starport  
  169  11:44  Starport  
  169  11:45  Viking  
  170  11:52  Siege Tank  
  170  11:57  Marine  
  170  11:58  Marine x3  
  170  11:59  Siege Tank  
  158  12:03  Marine x4  
  158  12:05  Viking  
  158  12:06  Supply Depot  
  158  12:07  Supply Depot  
  161  12:12  Marine  
  161  12:15  Liberator  
  162  12:20  Marine x5  
  162  12:21  Marine x2  
  168  12:24  Starport Reactor, Starport Tech Lab  
  168  12:25  Terran Vehicle Weapons Level 2  
  168  12:27  Siege Tank  
  168  12:28  Refinery  
  174  12:42  Command Center  
  174  12:44  Marine  
  174  12:45  Marine x2  
  174  12:50  Siege Tank  
  137  12:51  Marine x3  
  137  12:57  Marine x4  
  144  12:59  Siege Tank  
  144  13:01  Marine  
  144  13:02  Marine, Raven  
  144  13:03  Marine, Viking  
  143  13:09  Marine x3  
  143  13:12  Viking x2  
  143  13:15  Marine  
  143  13:17  Viking  
  143  13:19  SCV x2  
  143  13:21  Refinery  
  143  13:24  Marine  
  143  13:26  Marine x3  
  143  13:29  Marine x2  
  143  13:33  Marine x4  
  140  13:38  Viking  
  141  13:42  Marine  
  141  13:44  Marine x3  
  141  13:45  Viking x2  
  141  13:48  Raven  
  149  13:54  Planetary Fortress  
  151  13:55  SCV  
  151  13:56  SCV  
  151  13:59  Marine x3  
  156  14:03  Viking  
  156  14:04  Liberator  
  158  14:19  Marine x5  
  158  14:20  Viking x2  
  161  14:25  Marine x2  
  161  14:26  Marine x3  
  164  14:35  Siege Tank  
  164  14:37  Marine x5  
  172  14:39  Viking  
  172  14:40  Raven  
  172  14:43  Marine x5  
  179  14:48  Siege Tank  
  179  14:52  Viking  
  184  14:54  Marine  
  184  14:55  Marine x4  
  184  14:56  Medivac  
  191  15:06  Marine x2  
  193  15:09  Marine x3  
  193  15:12  Marine x3  
  199  15:17  Marine  
  198  15:25  Command Center, Barracks  
  190  15:29  Command Center, Barracks  
  190  15:31  Barracks  
  186  15:37  Marine  
  186  15:39  Marine x5  
  185  15:43  Marine x3  
  185  15:45  Armory, Viking x2, Raven  
  185  15:48  Marine  
  195  15:55  Marine, Fusion Core, SCV x2  
  195  15:56  SCV x2  
  200  15:58  Refinery x2  
  200  16:13  Barracks Reactor  
  200  16:19  Barracks Reactor x2  
  200  16:38  Marine x6  
  185  16:40  Medivac  
  185  16:41  Medivac x2, Raven  
  187  16:48  Marine  
  187  16:49  Marine x3  
  185  17:02  Marine x9  
  185  17:03  Marine x3  
  185  17:06  Marine  
Show
View Real Time Build Order
Export as new Build Order

Clem Terran 

Build Orders:  

Get SALT Encoding   

  12  0:01  SCV  
  13  0:13  SCV  
  14  0:17  Supply Depot  
  14  0:25  SCV  
  15  0:29  Refinery  
  15  0:39  SCV  
  16  0:46  Barracks  
  16  0:51  SCV  
  17  0:58  Refinery  
  17  1:03  SCV  
  18  1:15  SCV  
  19  1:33  Reaper, Orbital Command  
  19  1:36  Factory  
  20  1:43  Supply Depot  
  20  1:58  SCV  
  21  2:05  Reaper  
  22  2:10  SCV  
  23  2:20  Hellion  
  25  2:25  Command Center  
  25  2:26  SCV  
  26  2:31  Supply Depot  
  26  2:37  Barracks Tech Lab  
  26  2:42  Hellion, SCV  
  29  2:52  Starport  
  29  2:54  SCV  
  30  3:06  SCV  
  30  3:18  SCV  
  31  3:22  Cyclone  
  31  3:23  Barracks Reactor  
  34  3:31  SCV  
  34  3:43  SCV  
  34  3:49  Medivac  
  34  3:50  Orbital Command  
  34  3:52  Engineering Bay  
  34  3:55  Cyclone, SCV  
  39  4:02  Marine  
  39  4:03  Marine  
  39  4:07  SCV  
  42  4:12  Supply Depot  
  43  4:17  SCV  
  43  4:19  Viking, SCV  
  43  4:20  Marine x2  
  48  4:27  Missile Turret  
  48  4:28  Siege Tank  
  48  4:29  SCV  
  52  4:31  SCV  
  52  4:35  Liberator  
  51  4:38  Marine x2  
  51  4:41  SCV  
  51  4:43  SCV  
  54  4:49  Supply Depot  
  57  4:53  SCV  
  57  4:59  Marine  
  59  5:01  SCV  
  59  5:05  SCV  
  58  5:09  Marine  
  58  5:11  Siege Tank  
  62  5:15  Command Center  
  62  5:16  Refinery  
  62  5:17  Marine, Refinery, SCV  
  62  5:18  SCV  
  60  5:30  SCV x2  
  60  5:32  Barracks x2  
  62  5:35  Starport Tech Lab  
  62  5:39  Marine x2  
  62  5:42  SCV x2  
  66  5:45  Terran Infantry Weapons Level 1  
  66  5:50  Supply Depot  
  66  5:51  Siege Tank  
  65  5:58  Marine x2  
  65  6:00  SCV  
  65  6:01  SCV  
  67  6:08  Supply Depot  
  67  6:12  SCV  
  67  6:13  Starport Reactor, SCV  
  67  6:16  Marine x2  
  71  6:19  Barracks Reactor  
  71  6:24  SCV  
  71  6:25  Marine, SCV  
  71  6:27  Orbital Command  
  69  6:33  Siege Tank  
  69  6:34  Marine  
  69  6:36  SCV  
  74  6:42  SCV  
  74  6:43  Marine  
  74  6:44  Orbital Command  
  76  6:48  SCV  
  76  6:50  Barracks  
  76  6:52  Barracks  
  77  6:54  Marine x3  
  77  6:56  SCV  
  77  7:00  Medivac, SCV  
  77  7:01  Medivac  
  86  7:02  Supply Depot  
  86  7:06  Siege Tank  
  89  7:11  SCV  
  89  7:12  SCV  
  89  7:14  Marine  
  89  7:15  Marine  
  93  7:19  Supply Depot, Marine x2  
  93  7:21  SCV  
  92  7:31  Medivac  
  92  7:33  Marine x3  
  92  7:34  SCV  
  94  7:37  Marine, SCV  
  94  7:38  Siege Tank  
  94  7:40  SCV  
  100  7:46  SCV  
  100  7:47  Barracks  
  100  7:48  Terran Infantry Armor Level 1  
  100  7:50  SCV  
  102  7:52  Armory, SCV  
  102  7:53  Engineering Bay, Barracks Tech Lab  
  102  7:55  Marine x2  
  102  7:56  Marine x2  
  102  7:58  SCV  
  108  8:03  Factory, Refinery x2  
  108  8:06  SCV x2  
  108  8:09  Supply Depot  
  108  8:10  Siege Tank  
  108  8:12  Stimpack, Barracks Tech Lab  
  113  8:16  Marine x2  
  113  8:18  Supply Depot  
  115  8:20  Marine x2  
  117  8:27  Marine, SCV x2  
  117  8:33  SCV  
  107  8:35  Medivac  
  107  8:38  Marine x2  
  107  8:39  SCV  
  107  8:40  SCV  
  113  8:42  Siege Tank  
  113  8:45  SCV  
  113  8:47  Marine  
  110  8:49  Marine  
  110  8:51  SCV  
  110  8:52  SCV  
  110  8:53  Marine x2  
  110  8:55  Combat Shield  
  96  8:56  Barracks Reactor  
  96  8:57  SCV  
  96  9:04  Marine x2  
  96  9:05  Marine  
  96  9:06  Factory Tech Lab, Sensor Tower  
  96  9:07  Marine  
  100  9:11  Marine x2  
  100  9:13  Terran Infantry Weapons Level 2  
  100  9:14  Missile Turret, Siege Tank  
  105  9:22  Marine x2  
  105  9:23  Medivac x2  
  111  9:24  Supply Depot  
  111  9:36  Marine x4  
  111  9:37  Command Center  
  111  9:38  Supply Depot  
  115  9:41  Supply Depot, Marine x3  
  115  9:42  Supply Depot  
  118  9:50  Siege Tank  
  118  9:51  Siege Tank  
  118  9:52  Marine  
  125  9:54  Marine x2  
  125  9:55  Terran Infantry Armor Level 2  
  125  9:56  Supply Depot  
  127  10:03  Marine x4  
  129  10:07  Viking  
  129  10:12  Marine x2  
  133  10:17  Marine x2  
  133  10:22  Marine x4, Siege Tank  
  133  10:24  Missile Turret  
  133  10:28  Terran Vehicle Weapons Level 1, Siege Tank  
  143  10:29  Marine  
  143  10:31  Medivac  
  144  10:37  Marine x2, Medivac  
  147  10:43  Marine  
  148  10:54  Siege Tank  
  148  10:56  Marine x3  
  148  10:57  Marine  
  153  10:58  Marine x2, Sensor Tower  
  153  11:00  Siege Tank  
  153  11:01  Supply Depot, Marine, Medivac  
  158  11:05  Marine  
  154  11:12  Planetary Fortress  
  154  11:14  Marine x4  
  154  11:16  Marine, SCV x3  
  162  11:18  Marine  
  162  11:19  Starport, Marine  
  162  11:23  Marine  
  162  11:25  Supply Depot  
  165  11:28  SCV, Barracks  
  165  11:29  Barracks  
  163  11:38  Viking x2  
  164  11:40  Siege Tank x2  
  164  11:41  Marine x3  
  164  11:42  Marine  
  174  11:47  Refinery x2, SCV  
  174  11:49  SCV  
  159  11:56  Marine x4  
  133  12:04  Medivac  
  133  12:05  Marine x3  
  133  12:08  Medivac  
  139  12:12  Siege Tank  
  135  12:19  Command Center  
  135  12:20  Marine, Siege Tank  
  135  12:21  Marine x4  
  136  12:23  Viking  
  136  12:29  Marine x2  
  140  12:34  Marine, Viking  
  141  12:38  Marine  
  141  12:41  Marine x2  
  144  12:49  Marine, Siege Tank  
  131  12:53  Marine, Cyclone  
  131  12:54  Marine x2  
  131  12:55  Marine  
  131  12:56  Marine  
  138  12:59  Marine x2  
  109  13:07  Marine  
  109  13:11  Marine x3  
  109  13:13  Marine  
  109  13:14  Marine  
  109  13:17  Marine x2  
  111  13:21  Widow Mine  
  111  13:22  Viking  
  111  13:25  Widow Mine, Marine  
  118  13:29  Marine x3  
  118  13:31  Marine  
  118  13:32  Marine  
  112  13:34  Marine  
  112  13:37  Marine  
  112  13:39  Marine x2  
  113  13:42  Marine, Viking x2, Siege Tank  
  113  13:46  Siege Tank  
  113  13:47  Marine x3  
  127  13:49  Marine  
  127  13:53  Terran Infantry Weapons Level 3  
  128  13:57  Terran Infantry Armor Level 3  
  128  13:59  Planetary Fortress  
  128  14:06  Marine x4  
  128  14:08  Viking  
  134  14:10  Marine x6  
  138  14:21  Viking  
  138  14:22  Siege Tank  
  138  14:24  Marine x4  
  130  14:28  Marine x6  
  133  14:39  Viking  
  133  14:41  Marine  
  133  14:42  Marine x3  
  133  14:43  Viking  
  139  14:45  Marine x3  
  139  14:47  Marine, Siege Tank  
  139  14:52  Marine x2  
  145  14:57  Siege Tank  
  145  14:59  Marine x3  
  147  15:00  Marine  
  147  15:03  Marine  
  147  15:05  Marine x2  
  153  15:12  Medivac  
  153  15:13  Marine  
  153  15:14  Marine x2  
  153  15:18  Medivac  
  153  15:19  Medivac, Siege Tank  
  162  15:23  Barracks Reactor  
  156  15:31  Sensor Tower  
  156  15:34  Refinery  
  156  15:35  Marine x2, Refinery  
  154  15:42  Marine x2, Medivac  
  146  15:45  Marine  
  146  15:48  Medivac  
  146  15:49  Medivac  
  154  15:50  Marine  
  154  15:57  Siege Tank  
  158  15:58  Marine x2  
  158  15:59  Marine  
  161  16:04  Marine  
  161  16:07  Marine x2  
  164  16:12  Medivac  
  164  16:14  Missile Turret  
  166  16:19  Marine x3, Siege Tank  
  172  16:29  Siege Tank  
  168  16:34  Marine  
  168  16:38  Marine  
  168  16:39  Medivac  
  148  16:42  Marine  
  148  16:46  Medivac  
  138  16:50  Marine  
  138  16:51  Siege Tank  
  138  16:52  Marine x2  
  137  17:06  Marine x3  
  144  17:09  Barracks Reactor  
Tags
 
Add a new tag
Caveats
  • Supply blocks, unpowered buildings, or Contaminate may cause inaccurate times.
  • Supply counts are checked every 10 seconds.